 Dungeon Crawl Stone Soup version 0.26.1-11-gd32895ea62 (webtiles) character file.

Game seed: 4376791585809830342

48 Almogavar the Skirmisher (level 3, 0/34 HPs)
             Began as a Minotaur Berserker on May 16, 2021.
             Was a Believer of Trog.
             Slain by Grinder (5 damage)
             ... while paralysed by Grinder
             ... on level 4 of the Dungeon.
             The game lasted 00:04:07 (1357 turns).

Almogavar the Skirmisher (Minotaur Berserker)       Turns: 1357, Time: 00:04:07

Health: 0/34       AC:  4    Str: 22    XL:     3   Next: 50%
Magic:  2/2        EV:  2    Int:  6    God:    Trog [**....]
Gold:   102        SH:  0    Dex:  9    Spells: 2/2 levels left

rFire    . . .     SeeInvis .   a - +0 falchion
rCold    . . .     Faith    .   (no shield)
rNeg     . . .     Spirit   .   j - +0 leather armour
rPois    .         Reflect  .   (helmet restricted)
rElec    .         Harm     .   (no cloak)
rCorr    +         Rampage  .   d - +0 pair of gloves
Will     .....                  (no boots)
Stlth    +.........             (no amulet)
HPRegen  0.11/turn              k - ring of resist corrosion
MPRegen  0.08/turn              (no ring)

@: paralysed, berserk cooldown, slowed
A: retaliatory headbutt, fangs 1, horns 2, clever 1
a: Renounce Religion, Berserk, Trog's Hand


You were on level 4 of the Dungeon.
You worshipped Trog.
Trog was pleased with you.
You visited 1 branch of the dungeon, and saw 3 of its levels.

You collected 102 gold pieces.

Inventory:

Hand Weapons
 a - a +0 falchion (weapon)
Missiles
 g - 88 stones
Armour
 d - a +0 pair of gloves (worn)
 j - a +0 leather armour (worn)
 p - a +0 ring mail
Jewellery
 k - a ring of resist corrosion (left hand)
Scrolls
 b - a scroll of teleportation {unknown}
 c - a scroll of fog {unknown}
 e - a scroll of magic mapping {unknown}
 f - a scroll of fear {unknown}
 h - a scroll of identify {unknown}
 m - a scroll of enchant armour {unknown}
 n - a scroll of random uselessness {unknown}
Potions
 o - 2 potions of attraction {unknown}


   Skills:
 + Level 4.5 Fighting
 + Level 4.4 Long Blades
 + Level 2.6 Armour
 + Level 2.5 Dodging


You had 2 spell levels left.
You didn't know any spells.
Your spell library was empty.

Dungeon Overview and Level Annotations

Branches:
Dungeon (2/15)

Altars:

Annotations:
D:4 Grinder


Innate Abilities, Weirdness & Mutations

You reflexively headbutt those who attack you in melee.
You have a pair of horns on your head.
You have very sharp teeth.
Your mind is acute. (Int +2)


Message History

Grinder completely misses you. You furiously retaliate!
You headbutt Grinder.
Grinder blinks!
Your skin stops crawling.
You feel less strong-willed. Grinder gestures at you.
Pain shoots through your body! Grinder hits you.
* * * LOW HITPOINT WARNING * * *
You writhe in agony.
* * * LOW HITPOINT WARNING * * *
You closely miss Grinder. You headbutt Grinder. Your bite misses Grinder.
Grinder is almost dead.
Grinder hits you but does no damage. Grinder closely misses you.
You riposte.
You completely miss Grinder. You bite Grinder, but do no damage.
Grinder is almost dead.
You closely miss Grinder.
Grinder is almost dead.
Grinder gestures at you.
You suddenly lose the ability to move!
Grinder hits you.
You die...

######## ######
......# >... #....#
#..#.#####.#..5.#
#..#.......#..@.#
#..##...####....# .
#.......(.......#
..##..#...####/...#
.....#...# ##....#
..##..#...#####..###
. #...............
#................
###.....#.....#.#.


You could see Grinder.

Vanquished Creatures
  A gnoll (D:1)
  An adder (D:4)
  6 bats (D:1)
  3 giant cockroaches (D:1)
  8 goblins (D:1)
  3 hobgoblins (D:1)
  6 kobolds
  2 rats (D:1)
30 creatures vanquished.

Notes
Turn   | Place    | Note
-------+----------+-------------------------------------------
     0 | D:1      | Almogavar the Minotaur Berserker began the quest for the
                  | Orb.
     0 | D:1      | Reached XP level 1. HP: 19/19 MP: 0/0
   128 | D:1      | Reached XP level 2. HP: 5/27 MP: 1/1
   540 | D:1      | Reached XP level 3. HP: 33/33 MP: 2/2
   778 | D:1      | Reached ** piety under Trog
  1304 | D:2      | You fall into a shaft and drop 2 floors!
  1321 | D:4      | Noticed Grinder
  1324 | D:4      | Paralysed by Grinder for 5 turns
  1338 | D:4      | HP: 1/34 [Grinder (2)]
  1342 | D:4      | Gained mutation: You have very sharp teeth. [potion of
                  | mutation]
  1342 | D:4      | Gained mutation: Your mind is acute. (Int +2) [potion of
                  | mutation]
  1356 | D:4      | Paralysed by Grinder for 7 turns
  1357 | D:4      | Slain by Grinder

Illustrated notes

Levels and vault maps discovered:
D:1:      dpeg_arrival_brainrot, layout_basic
D:2:      layout_loops_ring, kennysheep_generic_room_5, uniq_robin
D:4:      layout_basic, serial_shops, nicolae_shop_stone, chequers_garden,
          minmay_misc_feat_five, lightli_minifort, uniq_grinder

Skill      XL: |  1 |
---------------+----+-----
Fighting       | 4 |  4.5
Long Blades    | 4 |  4.4
Armour         | |  2.6
Dodging        | |  2.5

Action                   || total
-------------------------++-------
Melee: Falchion          ||    48
       Headbutt          ||     8
       Bite              ||     1
Invok: Berserk           ||     2
       Trog's Hand       ||     1
  Use: Potion            ||     3
       Scroll            ||     1
Armor: Animal skin       ||     5
       Leather armour    ||    11
Dodge: Dodged            ||    51
       Rpst.: Falchion   ||    10
